 Dungeon Crawl Stone Soup version 0.27.1-34-g3ba077fa99 (webtiles) character file.

Game seed: 12298530006879471642

100 Akaron the Conjurer (level 4, -5/27 HPs)
             Began as an Octopode Conjurer on Jan 23, 2022.
             Killed from afar by an orc wizard (7 damage)
             ... with a magic dart
             ... on level 3 of the Dungeon.
             The game lasted 00:09:42 (2919 turns).

Akaron the Conjurer (Octopode Conjurer)             Turns: 2919, Time: 00:09:43

Health: -5/27      AC:  1    Str:  6    XL:     4   Next: 74%
Magic:  1/7        EV: 13    Int: 21    God:
Gold:   175        SH:  0    Dex: 10    Spells: 0/7 levels left

rFire    . . .     SeeInvis .   e - staff of conjuration
rCold    . . .     Faith    .   (no shield)
rNeg     . . .     Spirit   .   (helmet restricted)
rPois    .         Reflect  .   (no amulet)
rElec    .         Harm     .   (no ring)
rCorr    .         Rampage  .   (no ring)
Will     .....                  (no ring)
Stlth    ++........             (no ring)
HPRegen  0.09/turn              (no ring)
MPRegen  0.10/turn              (no ring)
                                (no ring)
                                (no ring)

@: confused
A: almost no armour, amphibious, 8 rings, camouflage 1, gelatinous body 1,
(nimble swimmer 1), tentacles
a: no special abilities


You were on level 3 of the Dungeon.
You visited 1 branch of the dungeon, and saw 3 of its levels.

You collected 175 gold pieces.

Inventory:

Magical Staves
 e - a staff of conjuration (weapon)
Scrolls
 a - a scroll of silence {unknown}
 c - a scroll of enchant armour {unknown}
 f - a scroll of torment {unknown}
 i - a scroll of identify {unknown}
Potions
 b - a potion of heal wounds {unknown}
 d - a potion of brilliance {unknown}
 g - 2 potions of haste {unknown}
 h - a potion of mutation {unknown}


   Skills:
 + Level 0.2 Fighting
 + Level 0.1 Staves
 + Level 2.2 Dodging
 - Level 3.0 Stealth
 - Level 0.5 Unarmed Combat
 + Level 2.4 Spellcasting
 + Level 5.3 Conjurations
 * Level 0.1 Translocations


You couldn't memorise any spells.
You knew the following spells:

 Your Spells              Type           Power      Damage    Failure   Level
a - Magic Dart            Conj           100%       1d8       1%          1
b - Searing Ray           Conj           74%        3d6       2%          2
c - Iskenderun's Mystic   Conj/Tloc      21%        2d6       41%         4

Your spell library contained the following spells:

 Spells                   Type           Power      Damage    Failure   Level
 Dazzling Flash           Conj/Hex       40%        N/A       14%         3
 Gell's Gravitas          Tloc           1%         N/A       36%         3
 Lesser Beckoning         Tloc           1%         N/A       36%         3
 Teleport Other           Tloc           3%         N/A       36%         3
 Fulminant Prism          Conj/Hex       10%        3d9       43%         4


Dungeon Overview and Level Annotations

Branches:
Dungeon (3/15)

Altars:


Innate Abilities, Weirdness & Mutations

You cannot wear most types of armour.
You are amphibious.
You can wear up to eight rings at the same time.
Your skin changes colour to match your surroundings (Stealth+).
Your rubbery body absorbs attacks. (AC +1, EV +1)
((You are camouflaged near water. (Stealth+)))
You have tentacles for arms and can constrict up to eight enemies at once.


Message History

(Press . to maintain the ray.)
You don't have enough magic to cast this spell.
You don't have enough magic to cast this spell.
Aiming: Searing Ray (safe; 2% risk of failure)
Press: ? - help, Q - select action, (/) - cycle Shift-Dir - straight line, f - orc
Aim: an orc, wielding a +0 dagger (81% to hit)
You feel a surge of power!
The searing ray hits the orc!
You kill the orc! (Press . to maintain the ray.)
An orc wizard appears from thin air!
Reactivating autopickup.
The orc wizard casts a spell at you. The magic dart hits you!
The orc wizard gestures at you while chanting.
You are confused.
You bump into the rock wall.
You bump into the rock wall.
You bump into the rock wall.
You feel less confused.
Aiming: Searing Ray (safe; 2% risk of failure)
Press: ? - help, Q - select action, (/) - cycle Shift-Dir - straight line, f - orc wizard
Aim: an orc wizard, wielding a +0 dagger and wearing a +0 robe (76% to hit)
You feel a surge of power!
The searing ray hits the orc wizard!
The orc wizard is heavily wounded. (Press . to maintain the ray.)
The orc wizard casts a spell.
The orc wizard flickers and vanishes!
Deactivating autopickup; reactivate with Ctrl-A.
Something hits you.
A magic dart appears from out of thin air!
The magic dart hits you.
* * * LOW HITPOINT WARNING * * *
A magic dart appears from out of thin air!
The magic dart hits you.
* * * LOW HITPOINT WARNING * * *
You are confused.
You bump into the rock wall.
A magic dart appears from out of thin air!
The magic dart hits you!
You die...

#.....##
#......#
#####..#
......#
##.##
#..oo.#
#.(#
#.....#
#..# #.....
#..# #o.†.
#.># ...
##@# #o#
#.# #.# #.#
#o#######
#.#
#...o...#
#{#
#######o#
#o# #.#
#.#########
#o#
#.....oo..#
#.#
#########.#


You could see an orc.

Vanquished Creatures
  3 adders (D:2)
  A worm (D:2)
  2 dart slugs (D:3)
  6 orcs (D:3)
  3 endoplasms
  3 giant cockroaches (D:2)
  4 goblins
  3 hobgoblins
  6 jackals (D:1)
  4 kobolds
  4 quokkas
  4 ball pythons (D:2)
  8 bats
  4 frilled lizards
  A rat (D:2)
56 creatures vanquished.

Vanquished Creatures (others)
  8 plants (D:2)
8 creatures vanquished.

Grand Total: 64 creatures vanquished

Notes
Turn   | Place    | Note
-------+----------+-------------------------------------------
     0 | D:1      | Akaron the Octopode Conjurer began the quest for the Orb.
     0 | D:1      | Reached XP level 1. HP: 11/11 MP: 3/3
   480 | D:1      | Reached XP level 2. HP: 17/17 MP: 0/5
   543 | D:1      | Found a faded altar of an unknown god.
   704 | D:1      | Learned a level 2 spell: Searing Ray
  1245 | D:2      | Reached XP level 3. HP: 14/21 MP: 1/6
  1503 | D:2      | Reached skill level 5 in Conjurations
  1744 | D:2      | Reached XP level 4. HP: 27/27 MP: 2/7
  2120 | D:2      | Learned a level 4 spell: Iskenderun's Mystic Blast
  2919 | D:3      | Killed from afar by an orc wizard

Illustrated notes

Levels and vault maps discovered:
D:1:      dpeg_arrival_central, layout_loops_ring,
          chequers_ecumenical_altar_simple, ebering_dispersal_statue_hall
D:2:      layout_rooms, serial_forest, infiniplex_forest_straight_5,
          infiniplex_forest_clump_double, infiniplex_forest_clump_tiny,
          infiniplex_forest_clump_medium, infiniplex_forest_lined_2,
          infiniplex_forest_end_1, infiniplex_forest_clump_double,
          minmay_pentomino_v2
D:3:      layout_basic, small_statue_alley_b, nrook_uturn,
          uniq_crazy_yiuf_cottage

Skill      XL: |  1  2  3 |
---------------+----------+-----
Stealth        | 3 |  3.0
Conjurations   | 5 |  5.3
Fighting       | |  0.2
Staves         | |  0.1
Dodging        | |  2.2
Unarmed Combat | |  0.5
Spellcasting   | |  2.4
Translocations | |  0.1

Action                   |  1- 3 |  4- 6 || total
-------------------------+-------+-------++-------
Melee: Unarmed           |    18 |       ||    18
       Constrict         |     6 |     1 ||     7
       Tentacles         |     2 |     1 ||     3
       Staff             |       |     3 ||     3
 Cast: Magic Dart        |    61 |    21 ||    82
       Searing Ray       |       |    11 ||    11
Dodge: Dodged            |    18 |     4 ||    22
